 Dungeon Crawl Stone Soup version 0.30-b1-2-g02819fbbbe (webtiles) character file.

Game seed: 3393009121201601659

81 diana the Ducker (level 4, -2/35 HPs)
             Began as a Demonspawn Gladiator on June 10, 2023.
             Slain by a gnoll bouda
             ... wielding a +0 club
              (3 damage)
             ... on level 3 of the Dungeon.
             The game lasted 00:04:13 (1902 turns).

diana the Ducker (Demonspawn Gladiator)             Turns: 1902, Time: 00:04:15

Health: -2/35      AC:  4    Str: 14 (16) XL:     4   Next: 19%
Magic:  4/4        EV: 12    Int:  8 (9)  God:
Gold:   183        SH:  0    Dex: 11 (13) Spells: 3/3 levels left

rFire   . . .        a - +0 long sword
rCold   . . .        (no shield)
rNeg    . . .        b - +0 leather armour
rPois   .            c - +0 helmet
rElec   .            (no cloak)
rCorr   .            (no gloves)
SInv    .            (no boots)
Will    .....        (no amulet)
Stlth   +            (no ring)
HPRegen 0.25/turn    (no ring)
MPRegen 0.09/turn

%: no passive effects
@: weakened, flying
A: demonic touch 1, clumsy 1
a: no special abilities


You were on level 3 of the Dungeon.
You visited 1 branch of the dungeon, and saw 3 of its levels.

You collected 183 gold pieces.

Inventory:

Hand Weapons
 a - a +0 long sword (weapon)
Missiles
 d - 3 throwing nets (quivered)
 e - a javelin
Armour
 b - a +0 leather armour (worn)
 c - a +0 helmet (worn)
Wands
 n - a wand of acid (6)
Scrolls
 f - 2 scrolls of immolation {unknown}
 g - a scroll of torment {unknown}
 h - a scroll of brand weapon {unknown}
 k - 2 scrolls of fog {unknown}
 m - a scroll of silence {unknown}
 o - 2 scrolls of teleportation {unknown}
 p - 4 scrolls of identify {unknown}
 s - a scroll of blinking {unknown}
Potions
 q - a potion of invisibility {unknown}
 r - 2 potions of heal wounds {unknown}


   Skills:
 * Level 3.1 Fighting
 + Level 3.1 Long Blades
 - Level 1.7 Throwing
 + Level 1.4 Armour
 + Level 3.2 Dodging


You had 3 spell levels left.
You didn't know any spells.
Your spell library contained the following spells:

 Spells                   Type           Power      Damage    Failure   Level
 Ensorcelled Hibernation  Hex/Ice        0%         N/A       63%         2
 Spider Form              Tmut/Pois      0%         N/A       85%         3
 Anguish                  Hex/Necr       0%         N/A       99%         4


Dungeon Overview and Level Annotations

Branches:
Dungeon (3/15)

Altars:
Kikubaaqudgha

Shops:
D:2 [*(


Innate Abilities, Weirdness & Mutations

Your touch may inflict minor irresistible damage on your foes.
You are clumsy. (Dex -2)


Message History

You kill the gnoll!
The gnoll barely misses you.
You see here a +0 flail.
You slash the gnoll! Your touch misses the gnoll.
The gnoll is heavily wounded.
You hit the gnoll.
The gnoll is almost dead.
The gnoll hits you with a +0 spear! The gnoll hits you with a +0 whip.
The gnoll bouda gazes fiercely through you!
You feel your attacks grow feeble.
The gnoll bouda hits you with a +0 club!
The gnoll attacks as you move away! The gnoll hits you with a +0 whip!
* * * LOW HITPOINT WARNING * * *
The gnoll attacks as you move away! The gnoll closely misses you.
The gnoll hits you from afar with a +0 spear.
* * * LOW HITPOINT WARNING * * *
The gnoll bouda barks out a call to the hunt!
The gnolls pick up the pace!
The gnoll closely misses you. The gnoll attacks as you move away!
The gnoll hits you with a +0 whip.
* * * LOW HITPOINT WARNING * * *
The gnoll hits you with a +0 whip.
* * * LOW HITPOINT WARNING * * *
Okay, then.
It was a potion of flight.
You feel very buoyant.
You fly up into the air.
It was a potion of degeneration.
There was something very wrong with that liquid.
You feel weakened.
You feel dopey.
You feel clumsy. The gnoll hits you with a +0 whip.
* * * LOW HITPOINT WARNING * * *
The gnoll closely misses you.
It was a potion of mutation.
You feel extremely strange.
Your body twists and deforms.
Your body's shape seems more normal.
You feel clumsy.
The gnoll bouda gazes fiercely through you!
You feel as though you will be weak longer.
The gnoll bouda hits you with a +0 club.
You die...

..........# .........
.................# ....
.................# ....
)................# .....
))...............#####.....
.................#.......##
.........#.......#.........
.........#.......#ggg......
................@#.).......
................ggg......##
...............).....>.....
.......#......#......#.....
.......#......#......#.....
.......#......#......# #...
.......#......#......# ...
....#.........#........ ##
............###........


You could see a gnoll bouda and 2 gnolls.

Vanquished Creatures
  A gnoll (D:3)
  2 dart slugs
  3 worms (D:3)
  5 orcs (D:3)
  3 ball pythons
  4 bats
  4 endoplasms
  A giant cockroach (D:1)
  10 goblins
  3 hobgoblins
  2 jackals (D:1)
  A quokka (D:2)
  4 frilled lizards
  2 kobolds
  7 rats
52 creatures vanquished.

Vanquished Creatures (others)
  13 plants (D:3)
13 creatures vanquished.

Grand Total: 65 creatures vanquished

Notes
Turn   | Place    | Note
-------+----------+-------------------------------------------
     0 | D:1      | diana the Demonspawn Gladiator began the quest for the Orb.
     0 | D:1      | Reached XP level 1. HP: 16/16 MP: 1/1
   138 | D:1      | Gained mutation: Your touch may inflict minor irresistible
                  | damage on your foes. [demonic ancestry]
   138 | D:1      | Reached XP level 2. HP: 10/22 MP: 2/2
   666 | D:2      | Reached XP level 3. HP: 28/28 MP: 3/3
   687 | D:2      | Reached skill level 1 in Armour
  1032 | D:2      | Found Alier's Assorted Antiques.
  1036 | D:2      | Found Fesmo's Antique Armour Boutique.
  1061 | D:2      | You fall into a shaft and drop 1 floor!
  1298 | D:2      | Found Udem's Antique Weapon Shoppe.
  1319 | D:2      | Identified the +2 spear "Demonspawn's Foe" {freeze, Str+3}
  1740 | D:3      | Found an ancient bone altar of Kikubaaqudgha.
  1767 | D:3      | Reached XP level 4. HP: 24/35 MP: 4/4
  1901 | D:3      | HP: 1/35 [gnoll/+0 whip[a gnoll bouda] (3)]
  1902 | D:3      | Gained mutation: Armour fits poorly on your strangely
                  | shaped body. [potion of mutation]
  1902 | D:3      | Lost mutation: Armour fits poorly on your strangely shaped
                  | body. [potion of mutation]
  1902 | D:3      | Gained mutation: You are clumsy. (Dex -2) [potion of
                  | mutation]
  1902 | D:3      | Slain by a gnoll bouda

Illustrated notes

Levels and vault maps discovered:
D:1:      saegor_arrival_simple_a, layout_rooms
D:2:      layout_loops_corners, serial_shops, shop, shop,
          nicolae_shop_advertising_works [nicolae_subvault_shop_adworks]
D:3:      layout_basic, mainiacjoe_overflow_boulevard, basic_ecumenical_altar,
          chequers_big_river

Skill      XL: |  1  2  3 |
---------------+----------+-----
Long Blades    | 3 |  3.1
Dodging        | 3 |  3.2
Armour         | 1 |  1.4
Fighting       | 3 |  3.1
Throwing       | |  1.7

Action                     |  1- 3 |  4- 6 || total
---------------------------+-------+-------++-------
  Melee: Long sword        |   128 |     5 ||   133
         Touch             |    15 |     3 ||    18
         Punch             |     1 |       ||     1
    Use: Potion            |       |     3 ||     3
   Stab: Distracted        |     1 |       ||     1
 Armour: Leather armour    |    40 |       ||    40
  Dodge: Dodged            |    90 |     6 ||    96
